 Dungeon Crawl Stone Soup version 0.26.0-10-g1f06aea511 (webtiles) character file.

Game seed: 14003974328667309980

107 MajorAdolf the Skirmisher (level 4, -2/44 HPs)
             Began as a Naga Wanderer on Jan 16, 2021.
             Slain by an iguana (11 damage)
             ... on level 4 of the Dungeon.
             The game lasted 00:02:20 (2847 turns).

MajorAdolf the Skirmisher (Naga Wanderer)           Turns: 2847, Time: 00:02:20

Health: -2/44      AC:  4    Str: 16    XL:     4   Next: 86%
Magic:  4/4        EV:  9    Int: 10    God:
Gold:   140        SH:  0    Dex: 12    Spells: 3/3 levels left

rFire    . . .     SeeInvis +   a - +2 hand axe
rCold    + . .     Faith    .   (no shield)
rNeg     . . .     Spirit   .   c - +0 ring mail
rPois    +         Reflect  .   (no helmet)
rElec    .         Harm     .   (no cloak)
rCorr    .         Rampage  .   (no gloves)
Will     .....                  (no barding)
Stlth    +.........             (no amulet)
HPRegen  0.14/turn              m - ring of protection from cold
MPRegen  0.09/turn              (no ring)

@: short of breath, very slow
A: large, see invisible, deformed body, poison resistance, slowness 2, spit
poison 1, AC +1
a: Spit Poison


You were on level 4 of the Dungeon.
You visited 1 branch of the dungeon, and saw 4 of its levels.

You collected 140 gold pieces.

Inventory:

Hand Weapons
 a - a +2 hand axe (weapon)
 b - a +0 mace
Armour
 c - a +0 ring mail (worn)
Jewellery
 m - a ring of protection from cold (left hand)
Scrolls
 d - 3 scrolls of identify {unknown}
 e - a scroll of enchant armour {unknown}
 g - a scroll of enchant weapon {unknown}
 i - a scroll of amnesia {unknown}
 l - a scroll of blinking {unknown}
Potions
 f - a potion of cancellation {unknown}
 h - a potion of invisibility {unknown}
 j - a potion of haste {unknown}
 k - 2 potions of flight {unknown}
 n - a potion of curing {unknown}


   Skills:
 + Level 3.7 Fighting
 + Level 2.8 Axes
 + Level 3.1 Armour
 + Level 1.5 Dodging
 - Level 1.5 Stealth
 - Level 1.0 Shields


You had 3 spell levels left.
You didn't know any spells.
Your spell library was empty.

Dungeon Overview and Level Annotations

Branches:
Dungeon (4/15)
 Temple: D:4-7

Altars:
Cheibriados
Elyvilon
Trog

Annotations:
D:3 3 runed translucent doors, emiel's ghost, amateur DsWn


Innate Abilities, Weirdness & Mutations

You cannot wear boots.
Your serpentine skin is tough. (AC +1)
You have supernaturally acute eyesight. (SInv)
Armour fits poorly on your strangely shaped body.
Your system is resistant to poisons. (rPois)
You cover ground very slowly.
You can spit poison.


Message History

The splash of poison hits the iguana but does no damage.
There is a stone staircase leading up here.
You slash the iguana!
The iguana is heavily wounded.
The iguana barely misses you.
You completely miss the iguana.
The iguana is heavily wounded.
You have got your breath back.
The iguana bites you! x2
You hit the iguana.
The iguana is almost dead.
The iguana bites you!
* * * LOW HITPOINT WARNING * * *
Press: ? - help, Shift-Dir - straight line, f/p - iguana
Aim: an iguana (almost dead)
The splash of poison hits the iguana but does no damage.
The iguana is poisoned.
The iguana is almost dead.
The iguana bites you!
You die...

## ####.. ##
....# ...
#..#####..#
##.........##
#............
#....# #..l.#
##@###
#.......#
#+#######


You could see an iguana (poisoned).

Vanquished Creatures
  2 adders
  An ooze (D:1)
  A worm (D:3)
  3 dart slugs
  3 leopard geckos
  4 orcs (D:3)
  2 ball pythons (D:1)
  8 bats
  7 giant cockroaches
  5 goblins
  8 hobgoblins
  3 jackals
  6 kobolds
  A quokka (D:2)
  5 frilled lizards
  8 rats
67 creatures vanquished.

Notes
Turn   | Place    | Note
-------+----------+-------------------------------------------
     0 | D:1      | MajorAdolf the Naga Wanderer began the quest for the Orb.
     0 | D:1      | MajorAdolf set off with the following items: a +2 hand axe,
                  | a +0 mace, a +0 ring mail
     0 | D:1      | Reached XP level 1. HP: 21/21 MP: 1/1
   233 | D:1      | Reached XP level 2. HP: 28/28 MP: 2/2
   373 | D:1      | Reached XP level 3. HP: 33/34 MP: 3/3
   748 | D:1      | Reached skill level 1 in Dodging
  1349 | D:2      | Reached XP level 4. HP: 29/42 MP: 4/4
  1802 | D:3      | Noticed a moth of wrath
  1806 | D:3      | Found a bloodstained altar of Trog.
  2087 | D:3      | Found a snail-covered altar of Cheibriados.
  2119 | D:3      | Found a runed translucent gate.
  2120 | D:3      | Found a runed translucent gate.
  2120 | D:3      | Found a runed translucent gate.
  2222 | D:3      | Found a white marble altar of Elyvilon.
  2803 | D:3      | Noticed emiel's ghost (amateur DsWn)
  2847 | D:4      | Slain by an iguana

Illustrated notes

Levels and vault maps discovered:
D:1:      amcnicky_arrival_wind_blow, layout_basic, serial_park_tiny_1,
          minmay_pentomino_z2
D:2:      layout_rooms, minmay_randomly_rotated_circles
D:3:      layout_basic, tgw_trog, overflow_temple_1_default,
          gammafunk_ghost_necromancy, cheibriados_altar_1
D:4:      layout_loops_corners, minmay_temple_entry_glassed_door,
          gammafunk_ghost_gnarly_gnolls, serial_shops, shop, uniq_ijyb

Skill      XL: |  1  2  3  4 |
---------------+-------------+-----
Dodging        | 1 |  1.5
Armour         | 3 |  3.1
Fighting       | |  3.7
Axes           | |  2.8
Stealth        | |  1.5
Shields        | |  1.0

Action                   |  1- 3 |  4- 6 || total
-------------------------+-------+-------++-------
Melee: Hand axe          |    91 |    94 ||   185
 Abil: Spit Poison       |       |     2 ||     2
 Stab: Sleeping          |       |     1 ||     1
Armor: Ring mail         |    40 |    32 ||    72
Dodge: Dodged            |    39 |    45 ||    84
